 Dungeon Crawl Stone Soup version 0.29.1-1-gd02db6906a (webtiles) character file.

Game seed: 16367891680680840139

421 safid the Shooter (level 6, -4/57 HPs)
             Began as a Minotaur Hunter on Sept 15, 2022.
             Succumbed to a gnoll sergeant's poison
             ... on level 4 of the Dungeon.
             The game lasted 00:04:52 (2809 turns).

safid the Shooter (Minotaur Hunter)                 Turns: 2809, Time: 00:04:54

Health: -4/57      AC:  8    Str: 19    XL:     6   Next: 62%
Magic:  5/5        EV: 12    Int:  6    God:
Gold:   214        SH:  0    Dex: 15    Spells: 5/5 levels left

rFire   . . .      SeeInvis .   a - +0 shortbow
rCold   . . .      Faith    .   (shield currently unavailable)
rNeg    . . .      Spirit   .   n - +3 leather armour of Niobbos {Will+ Str+3}
rPois   .          Reflect  .   (helmet restricted)
rElec   .          Harm     .   (no cloak)
rCorr   .          Rampage  .   e - +0 pair of gloves
Will    +....                   c - +0 pair of boots
Stlth   +.........              (no amulet)
HPRegen 0.19/turn               (no ring)
MPRegen 0.09/turn               (no ring)

@: lethally poisoned (-4 -> -39)
A: horns 2, retaliatory headbutt
a: no special abilities


You were on level 4 of the Dungeon.
You visited 1 branch of the dungeon, and saw 5 of its levels.

You collected 214 gold pieces.

Inventory:

Hand Weapons
 a - a +0 shortbow (weapon)
Armour
 c - a +0 pair of boots (worn)
 e - a +0 pair of gloves (worn)
 n - the +3 leather armour of Niobbos (worn) {Will+ Str+3}
   (You found it on level 3 of the Dungeon)

   Str:       It affects your strength (+3).
   Will:      It increases your willpower.
Jewellery
 p - a ring of wizardry
Scrolls
 b - 5 scrolls of identify {unknown}
 d - 3 scrolls of poison {unknown}
 f - a scroll of enchant weapon {unknown}
 h - a scroll of fear {unknown}
 i - 2 scrolls of teleportation {unknown}
 k - a scroll of vulnerability {unknown}
 l - a scroll of magic mapping {unknown}
 q - a scroll of enchant armour {unknown}
Potions
 g - 2 potions of curing {unknown}
 j - 2 potions of lignification {unknown}
 m - 2 potions of attraction {unknown}
 o - a potion of haste {unknown}


   Skills:
 + Level 6.1 Fighting
 + Level 6.8 Ranged Weapons
 - Level 3.0 Dodging
 - Level 0.7 Stealth


You had 5 spell levels left.
You didn't know any spells.
Your spell library was empty.

Dungeon Overview and Level Annotations

Branches:
Dungeon (5/15)
 Temple: D:4-7

Altars:
Ashenzari
Ru
Wu Jian

Shops:
D:1 [


Innate Abilities, Weirdness & Mutations

You have a pair of horns on your head.
You reflexively headbutt those who attack you in melee.


Message History

The arrow hits the gnoll sergeant!
The gnoll sergeant is moderately wounded.
You shoot an arrow.
The arrow barely misses the gnoll sergeant.
You shoot an arrow.
The arrow barely misses the gnoll sergeant.
You shoot an arrow.
The arrow hits the gnoll sergeant but does no damage.
The gnoll sergeant is moderately wounded.
A gnoll comes into view. It is wielding a +0 flail.
You shoot an arrow. The gnoll shouts!
The arrow hits the gnoll sergeant but does no damage.
The gnoll sergeant is moderately wounded.
The gnoll sergeant hits you but does no damage.
You are poisoned.
You shoot an arrow.
The arrow barely misses the gnoll sergeant.
You feel very sick.
The gnoll sergeant hits you from afar with a +1 trident of venom.
You are more poisoned.
You shoot an arrow.
The arrow closely misses the gnoll sergeant.
You feel very sick. The gnoll sergeant closely misses you.
You shoot an arrow. The arrow hits the gnoll sergeant!
The gnoll sergeant is severely wounded.
You feel very sick.
The gnoll sergeant hits you from afar with a +1 trident of venom.
You are more poisoned.
A gnoll comes into view. It is wielding a +0 spear.
The gnoll sergeant hits you but does no damage.
You are lethally poisoned!
* * * LOW HITPOINT WARNING * * *
You feel extremely sick.
The gnoll sergeant hits you from afar with a +1 trident of venom!
* * * LOW HITPOINT WARNING * * *
You are more poisoned.
You climb upwards.
You die...

###########
#@........#
#.###...#.###
#...........#
####......#.##
## #..........##
#. #.....#.....#
#.
#.#####.#...###.
#.# ##.#.#....)
#.# #..#.#.###.


There were no monsters in sight!

Vanquished Creatures
  Eustachio (D:4)
  2 iguanas
  4 gnolls
  9 adders
  2 worms (D:4)
  6 dart slugs
  5 orcs
  7 ball pythons
  6 bats
  7 endoplasms
  5 giant cockroaches
  9 goblins
  9 hobgoblins
  4 jackals (D:1)
  3 kobolds
  3 quokkas
  3 frilled lizards (D:1)
  6 rats
91 creatures vanquished.

Notes
Turn   | Place    | Note
-------+----------+-------------------------------------------
     0 | D:1      | safid the Minotaur Hunter began the quest for the Orb.
     0 | D:1      | Reached XP level 1. HP: 18/18 MP: 0/0
   174 | D:1      | Reached XP level 2. HP: 25/25 MP: 1/1
   447 | D:1      | Reached XP level 3. HP: 31/31 MP: 2/2
   448 | D:1      | Found a faded altar of an unknown god.
   580 | D:1      | Found Rumots's Armour Boutique.
   692 | D:2      | Reached skill level 5 in Ranged Weapons
   720 | D:2      | Reached XP level 4. HP: 40/40 MP: 3/3
  1271 | D:3      | Found a broken altar of Ashenzari.
  1744 | D:3      | Reached XP level 5. HP: 47/47 MP: 4/4
  1764 | D:3      | Identified the +3 leather armour of Niobbos {Will+ Str+3}
  1921 | D:4      | Found a sacrificial altar of Ru.
  2333 | D:4      | Noticed Eustachio
  2349 | D:4      | Killed Eustachio
  2350 | D:4      | Reached skill level 5 in Fighting
  2350 | D:4      | Reached XP level 6. HP: 43/57 MP: 5/5
  2635 | D:5      | Entered Level 5 of the Dungeon
  2635 | D:5      | Found an ornate altar of the Wu Jian Council.
  2809 | D:4      | Succumbed to a gnoll sergeant's poison

Illustrated notes

Levels and vault maps discovered:
D:1:      dpeg_arrival_orchard, layout_rooms, serial_shops, shop,
          hellmonk_ecumenical_altar_dog_temple
D:2:      layout_basic
D:3:      layout_loops_ring, nicolae_ashenzari_skybound
D:4:      layout_basic, mainiacjoe_overflow_tiny_flanked, uniq_eustachio
D:5:      layout_cave_pools, lemuel_crystal_altar, hangedman_decor_points,
          minmay_manual_mares

Skill      XL: |  1  2  3  4  5  6 |
---------------+-------------------+-----
Fighting       | 3 4 5 6 |  6.1
Dodging        | 3 |  3.0
Ranged Weapons | 5 6 |  6.8
Stealth        | |  0.7

Action                   |  1- 3 |  4- 6 || total
-------------------------+-------+-------++-------
 Fire: Shortbow          |    87 |   185 ||   272
Armor: Leather armour    |    14 |    19 ||    33
Dodge: Dodged            |    43 |    45 ||    88
